 Dungeon Crawl Stone Soup version 0.29-a0-221-gceb61267dd (webtiles) character file.

Game seed: 4551581377723734382

830 drugrobin the Cleaver (level 7, -2/56 HPs)
             Began as a Demigod Fighter on Feb 27, 2022.
             Slain by a howler monkey (4 damage)
             ... on level 5 of the Dungeon.
             The game lasted 00:10:15 (5218 turns).

drugrobin the Cleaver (Demigod Fighter)             Turns: 5218, Time: 00:10:16

Health: -2/56      AC:  6    Str: 25    XL:     7   Next: 38%
Magic:  6/9        EV:  9    Int: 10    God:
Gold:   136        SH:  9    Dex: 13    Spells: 3/6 levels left

rFire   . . .      SeeInvis .   a - +0 broad axe
rCold   . . .      Faith    .   c - +0 buckler
rNeg    . . .      Spirit   .   b - +0 scale mail
rPois   .          Reflect  +   (no helmet)
rElec   .          Harm     .   (no cloak)
rCorr   .          Rampage  .   (no gloves)
Will    .....                   (no boots)
Stlth   ..........              n - amulet of reflection
HPRegen 0.18/turn               r - ring of wizardry
MPRegen 0.11/turn               o - ring of wizardry

@: brilliant
A: high MP 1, forlorn, divine attributes
a: no special abilities


You were on level 5 of the Dungeon.
You visited 1 branch of the dungeon, and saw 5 of its levels.

You collected 136 gold pieces.

Inventory:

Hand Weapons
 a - a +0 broad axe (weapon)
 i - a +0 war axe
Missiles
 f - 106 stones (quivered)
 s - 3 poisoned darts
 t - a throwing net
Armour
 b - a +0 scale mail (worn)
 c - a +0 buckler (worn)
 p - a +1 robe of resistance
Jewellery
 n - an amulet of reflection (around neck)
 o - a ring of wizardry (right hand)
 r - a ring of wizardry (left hand)
Scrolls
 e - 2 scrolls of fog {unknown}
 h - a scroll of amnesia {unknown}
 j - a scroll of enchant weapon {unknown}
 l - 3 scrolls of noise {unknown}
 m - a scroll of torment {unknown}
 u - a scroll of identify {unknown}
Potions
 d - a potion of might
 g - 3 potions of curing
 k - a potion of brilliance
 q - a potion of resistance {unknown}


   Skills:
 - Level 2.6 Fighting
 + Level 8.1 Axes
 - Level 2.6 Armour
 - Level 2.6 Shields


You had 3 spell levels left.
You knew the following spells:

 Your Spells              Type           Power      Damage    Failure   Level
a - Spider Form           Tmut/Pois      0%         N/A       63%         3

Your spell library contained the following spells:

 Spells                   Type           Power      Damage    Failure   Level
 Beastly Appendage        Tmut           0%         N/A       30%         1
 Shock                    Conj/Air       0%         1d3       30%         1
 Wereblood                Tmut           0%         N/A       41%         2
 Summon Guardian Golem    Hex/Summ       0%         N/A       63%         3
 Swiftness                Air            0%         N/A       63%         3
 Airstrike                Air            0%         N/A       94%         4
 Orb of Destruction       Conj           0%         9d5       100%        7
 Spellforged Servitor     Conj/Summ      0%         N/A       100%        7


Dungeon Overview and Level Annotations

Branches:
Dungeon (5/15)             Temple (0/1) D:5


Innate Abilities, Weirdness & Mutations

You have an increased reservoir of magic. (+10% MP)
You shall have no god before yourself.
Your divine heritage dramatically boosts your attributes as you level up.


Message History

Something shouts, "Turn tail, thou qualling fool-born dingleberry!"
You hear a shout!
Throw: 4 darts (poison)
Press: ? - help, Shift-Dir - straight line, f/p - howler monkey
Aim: a howler monkey (catching its breath, 53% to hit)
You throw a poisoned dart.
The poisoned dart hits the howler monkey.
The howler monkey is poisoned.
Your magical contamination has completely faded away.
You closely miss the howler monkey. The howler monkey barely misses you.
You closely miss the howler monkey.
The howler monkey hoots and howls with incredible vigour!
You block the howler monkey's attack.
You hear a bark! x2
You closely miss the howler monkey.
The howler monkey is lightly wounded.
You block the howler monkey's attack.
You hit the howler monkey.
The howler monkey is heavily wounded.
The howler monkey hits you.
* * * LOW HITPOINT WARNING * * *
You closely miss the howler monkey.
The howler monkey is heavily wounded.
The howler monkey looks more healthy.
The howler monkey barely misses you. The howler monkey hits you.
* * * LOW HITPOINT WARNING * * *
It was a potion of curing.
You feel better. The howler monkey barely misses you.
You barely miss the howler monkey.
The howler monkey is heavily wounded.
You hear the brisk rusting of a very distant drain.
The howler monkey hits you.
* * * LOW HITPOINT WARNING * * *
The howler monkey hits you.
* * * LOW HITPOINT WARNING * * *
It was a potion of brilliance.
You feel clever all of a sudden.
A jackal comes into view.
The howler monkey hits you.
You die...

..##..†........#
.....#..(......##
..##...........#
###h.......##
##...#...# #.(##...#
##.##..## #h#...###
##@......##
#.........###
#...........##
#.............##
#...............##
#.................##
#..................#
#..................#
#.................##
#


You could see a howler monkey and a jackal (wandering).

Vanquished Creatures
  A necrophage (D:4)
  2 ogres
  A centaur (D:3)
  3 scorpions
  A howler monkey (D:5)
  An orc priest (D:4)
  3 orc wizards
  4 gnolls (D:5)
  8 adders
  An ufetubus (D:4)
  A worm (D:2)
  9 orcs
  5 ball pythons
  8 endoplasms
  A giant cockroach (D:2)
  3 goblins
  5 hobgoblins
  2 jackals (D:1)
  3 kobolds
  2 quokkas
  6 bats
  2 frilled lizards
  8 rats
80 creatures vanquished.

Vanquished Creatures (others)
  2 fungi (D:2)
  5 plants (D:2)
7 creatures vanquished.

Grand Total: 87 creatures vanquished

Notes
Turn   | Place    | Note
-------+----------+-------------------------------------------
     0 | D:1      | drugrobin the Demigod Fighter began the quest for the Orb.
     0 | D:1      | Reached XP level 1. HP: 18/18 MP: 3/3
    80 | D:1      | Reached skill level 2 in Axes
   455 | D:1      | Reached XP level 2. HP: 23/25 MP: 4/4
   719 | D:1      | Reached skill level 3 in Axes
  1285 | D:2      | Reached XP level 3. HP: 30/30 MP: 5/5
  1960 | D:2      | Reached skill level 4 in Axes
  2009 | D:2      | Reached XP level 4. HP: 37/37 MP: 6/6
  2353 | D:3      | Learned a level 3 spell: Spider Form
  2377 | D:3      | rofl, why did i memorize PSIDER FORM
  2902 | D:3      | Reached skill level 5 in Axes
  2902 | D:3      | Reached XP level 5. HP: 33/42 MP: 3/7
  3043 | D:3      | Noticed a centaur
  3049 | D:3      | Killed a centaur
  3348 | D:4      | Reached skill level 6 in Axes
  3429 | D:3      | Reached XP level 6. HP: 30/50 MP: 8/8
  4228 | D:4      | Reached skill level 7 in Axes
  4922 | D:5      | Entered Level 5 of the Dungeon
  4949 | D:5      | Reached XP level 7. HP: 26/56 MP: 1/9
  4979 | D:5      | Found a staircase to the Ecumenical Temple.
  5098 | D:5      | Reached skill level 8 in Axes
  5215 | D:5      | HP: 2/56 [howler monkey (3)]
  5218 | D:5      | Slain by a howler monkey

Illustrated notes

.....## ## ......# #.
....... #. ....... #.
....... ... ##. .......#
.. #..#J......### ..
##@## .#..#8 #. #.♣.#
......
#..####.####....[..
#..#.#.###.#.....#
######.#.⌠.###.⌠.#..#[###
........#.###.#.#........
.......).###.#.#.........
...##..###.⌠.###........#
. #.[##.#.#.#.........#


Turn 2377 on D:3: rofl, why did i memorize PSIDER FORM

Levels and vault maps discovered:
D:1:      lemuel_arrival_funnel, layout_basic
D:2:      layout_rooms, basic_altar, dreamdust_ecumenical_altar_grove,
          nicolae_elevator_lobby_plus
D:3:      layout_rooms, grunt_gozag_statues, serial_corexii_hall,
          chequers_hall_statues_wall_a, corexii_hall_statues_u,
          grunt_decor_mini_mirrors, saegor_snake_ambush
D:4:      layout_layer_cave
D:5:      layout_cave_pods, temple_fountains, portal_sewer_entry_e

Skill      XL: |  1  2  3  4  5  6  7 |
---------------+----------------------+-----
Axes           | 2 3 4 5 6 7 8 |  8.1
Fighting       | |  2.6
Armour         | |  2.6
Shields        | |  2.6

Action                   |  1- 3 |  4- 6 |  7- 9 || total
-------------------------+-------+-------+-------++-------
Melee: War axe           |    37 |       |       ||    37
       Broad axe         |    66 |    87 |    33 ||   186
       Unarmed           |       |    17 |       ||    17
Throw: Stone             |     5 |       |     1 ||     6
       Dart              |       |       |     2 ||     2
 Cast: Spider Form       |       |     6 |       ||     6
  Use: Potion            |       |       |     2 ||     2
Armor: Scale mail        |    66 |    27 |     7 ||   100
       Robe              |       |     1 |       ||     1
Dodge: Dodged            |    43 |    43 |    10 ||    96
Block: Buckler           |    39 |    45 |    15 ||    99
       Reflection        |       |     5 |     1 ||     6
       Other             |       |     3 |       ||     3

Table legend: (Time is in decaauts)
 A = Elapsed time spent in this place.
 B = Non-inter-level travel time spent in this place.
 C = Inter-level travel time spent in this place.
 D = Time resting spent in this place.
 E = Time spent auto-exploring this place.
 F = Levels seen in this place.
 G = Mean time per level.
                   A        B        C        D        E       F      G
               +--------+--------+--------+--------+--------+-----+--------+
         Total |   5329 |   5196 |    133 |    969 |   3045 |   5 | 1065.8 |
       Dungeon |   5329 |   5196 |    133 |    969 |   3045 |   5 | 1065.8 |
               +--------+--------+--------+--------+--------+-----+--------+

Top non-repeatable levels by time:
     D:4: 1415 daAuts
     D:2: 1268 daAuts
     D:3: 1257 daAuts
     D:1: 1083 daAuts
     D:5: 304 daAuts
